 Dungeon Crawl Stone Soup version 0.27-a0-998-g4cfe56dd59 (webtiles) character file.

Game seed: 7705564377623811470

46 snetch the Magician (level 3, -7/25 HPs)
             Began as a Gnoll Hedge Wizard on Apr 17, 2021.
             Was a Follower of Ru.
             Mangled by Sigmund
             ... wielding a +0 scythe
              (9 damage)
             ... on level 4 of the Dungeon.
             The game lasted 00:06:41 (2303 turns).

snetch the Magician (Gnoll Hedge Wizard)            Turns: 2303, Time: 00:06:42

Health: -7/25      AC:  5    Str:  9    XL:     3   Next: 68%
Magic:  0/11       EV: 12    Int: 14    God:    Ru [*.....]
Gold:   132        SH:  0    Dex: 11    Spells: 13/16 levels left

rFire    . . .     SeeInvis .   v - +0 trident
rCold    . . .     Faith    .   (no shield)
rNeg     . . .     Spirit   .   h - +0 leather armour
rPois    .         Reflect  .   c - +0 hat
rElec    .         Harm     .   (no cloak)
rCorr    +         Rampage  .   m - +0 pair of gloves
Will     .....                  k - +0 pair of boots
Stlth    ++........             (no amulet)
HPRegen  0.08/turn              e - ring of resist corrosion
MPRegen  0.12/turn              (no ring)

@: no status effects
A: fangs 1, missing an eye, strong nose, distributed training
a: Renounce Religion


You were on level 4 of the Dungeon.
You worshipped Ru.
Ru was aware of your devotion.
You visited 1 branch of the dungeon, and saw 5 of its levels.

You collected 132 gold pieces.

Inventory:

Hand Weapons
 a - a +0 dagger
 t - a +0 short sword
 v - a +0 trident (weapon)
Missiles
 b - 66 stones
 f - 21 sling bullets
 g - 62 bolts
 o - 36 arrows
 p - 10 poisoned darts
Armour
 c - a +0 hat (worn)
 h - a +0 leather armour (worn)
 k - a +0 pair of boots (worn)
 l - a +0 ring mail
 m - a +0 pair of gloves (worn)
 u - a +0 scale mail
Jewellery
 e - a ring of resist corrosion (left hand)
Scrolls
 d - 3 scrolls of teleportation {unknown}
 j - a scroll of enchant armour {unknown}
 n - a scroll of magic mapping {unknown}
 q - a scroll of identify {unknown}
 r - a scroll of holy word {unknown}
Potions
 i - a potion of attraction {unknown}
 s - a potion of curing {unknown}


   Skills:
 + Level 0.9 Fighting
 + Level 0.9 Short Blades
 + Level 0.9 Long Blades
 + Level 0.9 Axes
 + Level 0.9 Maces & Flails
 + Level 0.9 Polearms
 + Level 0.9 Staves
 + Level 0.9 Slings
 + Level 0.9 Bows
 + Level 0.9 Crossbows
 + Level 0.9 Throwing
 + Level 0.9 Armour
 + Level 4.5 Dodging
 + Level 4.2 Stealth
 + Level 0.9 Shields
 + Level 0.9 Unarmed Combat
 + Level 7.1 Spellcasting
 + Level 2.1 Conjurations
 + Level 0.6 Hexes
 + Level 2.1 Summonings
 + Level 0.6 Necromancy
 + Level 2.1 Translocations
 + Level 0.6 Transmutations
 + Level 0.6 Fire Magic
 + Level 0.6 Ice Magic
 + Level 0.6 Air Magic
 + Level 0.6 Earth Magic
 + Level 0.6 Poison Magic
 + Level 1.0 Invocations
 + Level 0.9 Evocations


You had 13 spell levels left.
You knew the following spells:

 Your Spells              Type           Power      Damage    Failure   Level
a - Magic Dart            Conj           44%        1d5       8%          1
b - Call Imp              Summ           11%        N/A       12%         2

Your spell library contained the following spells:

 Spells                   Type           Power      Damage    Failure   Level
 Blink                    Tloc           N/A        N/A       12%         2
 Slow                     Hex            6%         N/A       22%         2
 Gell's Gravitas          Tloc           5%         N/A       24%         3
 Conjure Flame            Conj/Fire      8%         6-21      32%         3
 Mephitic Cloud           Conj/Pois/Air  8%         N/A       34%         3
 Confusing Touch          Hex            6%         N/A       41%         3
 Petrify                  Tmut/Erth      6%         N/A       82%         4
 Metabolic Englaciation   Hex/Ice        3%         N/A       99%         5
 Yara's Violent Unravell  Hex/Tmut       3%         3d4       99%         5


Dungeon Overview and Level Annotations

Branches:
Dungeon (5/15)
 Temple: D:4-7

Altars:
Gozag
Ru

Annotations:
D:4 Grinder, Sigmund


Innate Abilities, Weirdness & Mutations

You have very sharp teeth.
You are missing an eye, making it more difficult to aim.
Your uncanny sense of smell can sniff out nearby items.
Your experience applies equally to all skills.


Message History

The puff of frost hits Sigmund.
Sigmund resists.
You swap places.
Grinder begins to attack, but is stunned by your conviction!
Sigmund casts a spell at himself.
Sigmund flickers and vanishes!
Unknown command.
Something barely misses your white imp.
Unknown command.
Grinder gestures at you.
Your crimson imp easily resists.
Your crimson imp blinks!
Unknown command.
You hear some strange, mumbled words.
Your white imp appears confused.
Your crimson imp blinks!
Unknown command.
Your white imp disappears in a puff of smoke!
Unknown command.
You miss Grinder. Grinder completely misses you.
Your crimson imp blinks!
Grinder hits you.
You writhe in agony.
You hit Grinder.
Grinder is lightly wounded.
Something hits you but does no damage. Grinder misses you.
Unknown command.
The magic dart hits Grinder.
Grinder is lightly wounded.
You hear some strange, mumbled words.
A puff of flame appears from out of thin air!
The puff of flame hits you. Grinder hits you.
* * * LOW HITPOINT WARNING * * *
You writhe in agony.
* * * LOW HITPOINT WARNING * * *
You are too injured to fight recklessly!
Unknown command.
You are too injured to fight recklessly!
Unknown command.
You don't have enough magic to cast this spell.
You miss Grinder.
Grinder is lightly wounded.
Something hits you!
You die...

#.# #.# #.# #>#
#5# ∆ #.# #.#
#.# #.# #.# #.#
#.# #.# #.# #5#
#.# #@# #.# #.#
#.# #{# #.# #.#
#.# #.#
#.###########.##
#.......{......#
#.##############
###


You could see Grinder (ally target) and a friendly crimson imp (summoned).

Vanquished Creatures
  An adder (D:4)
  2 ball pythons (D:1)
  2 giant cockroaches (D:2)
  2 hobgoblins
  A kobold (D:1)
  A quokka (D:1)
  3 bats
  3 goblins
  3 rats
18 creatures vanquished.

Vanquished Creatures (collateral kills)
  An adder (D:2)
  2 ball pythons
  An endoplasm (D:1)
  A giant cockroach (D:3)
  A hobgoblin (D:1)
  4 jackals (D:2)
  2 kobolds
  2 goblins
14 creatures vanquished.

Vanquished Creatures (others)
  A bat (D:1)
1 creature vanquished.

Grand Total: 33 creatures vanquished

Notes
Turn   | Place    | Note
-------+----------+-------------------------------------------
     0 | D:1      | snetch the Gnoll Hedge Wizard began the quest for the Orb.
     0 | D:1      | Reached XP level 1. HP: 13/13 MP: 8/8
   385 | D:1      | Found a faded altar of an unknown god.
   408 | D:1      | Became a worshipper of Ru the Awakened
   428 | D:1      | Gained mutation: You are missing an eye, making it more
                  | difficult to aim. [Ru sacrifice]
   428 | D:1      | Reached * piety under Ru
   507 | D:1      | Reached XP level 2. HP: 19/19 MP: 3/10
   580 | D:1      | Learned a level 2 spell: Call Imp
  1570 | D:2      | Reached XP level 3. HP: 25/25 MP: 0/11
  1923 | D:2      | You fall into a shaft and drop 1 floor!
  1985 | D:3      | Found an opulent altar of Gozag.
  2163 | D:4      | Reached skill level 1 in Invocations
  2232 | D:5      | Entered Level 5 of the Dungeon
  2236 | D:4      | Noticed Sigmund
  2291 | D:4      | Noticed Grinder
  2303 | D:4      | Mangled by Sigmund

Illustrated notes

Levels and vault maps discovered:
D:1:      tarquinn_simple_flora_water_b, layout_loops_ring,
          hellmonk_ecumenical_altar_lost_god
D:2:      layout_basic, serial_glass, glass_columns_b, glass_columns_b,
          basic_altar, serial_shops, shop_statue
D:3:      layout_basic, lemuel_crystal_altar, grunt_gozag_statues,
          gammafunk_ghost_stat_death, saegor_snake_ambush
D:4:      layout_basic, uniq_grinder, uniq_sigmund
D:5:      layout_rooms, cheibriados_altar_1, old_standard_altar,
          minmay_temple_entry_gardened_gates, kennysheep_potato

Skill      XL: |  1  2  3 |
---------------+----------+-----
Conjurations   | 2 |  2.1
Summonings     | 2 |  2.1
Translocations | 2 |  2.1
Invocations    | 1 |  1.0
Fighting       | |  0.9
Short Blades   | |  0.9
Long Blades    | |  0.9
Axes           | |  0.9
Maces & Flails | |  0.9
Polearms       | |  0.9
Staves         | |  0.9
Slings         | |  0.9
Bows           | |  0.9
Crossbows      | |  0.9
Throwing       | |  0.9
Armour         | |  0.9
Dodging        | |  4.5
Stealth        | |  4.2
Shields        | |  0.9
Unarmed Combat | |  0.9
Spellcasting   | |  7.1
Hexes          | |  0.6
Necromancy     | |  0.6
Transmutations | |  0.6
Fire Magic     | |  0.6
Ice Magic      | |  0.6
Air Magic      | |  0.6
Earth Magic    | |  0.6
Poison Magic   | |  0.6
Evocations     | |  0.9

Action                   || total
-------------------------++-------
Melee: Dagger            ||    14
       Bite              ||     3
       Short sword       ||    10
       Trident           ||     4
 Cast: Magic Dart        ||    71
       Call Imp          ||    19
Invok: Sacrifice an Eye  ||     1
Armor: Robe              ||     4
       Leather armour    ||    19
Dodge: Dodged            ||    34

Table legend: (Time is in decaauts)
 A = Elapsed time spent in this place.
 B = Non-inter-level travel time spent in this place.
 C = Inter-level travel time spent in this place.
 D = Time resting spent in this place.
 E = Time spent auto-exploring this place.
 F = Levels seen in this place.
 G = Mean time per level.
                   A        B        C        D        E       F      G
               +--------+--------+--------+--------+--------+-----+--------+
         Total |   2308 |   2293 |     15 |      0 |   1743 |   5 |  461.6 |
       Dungeon |   2308 |   2293 |     15 |      0 |   1743 |   5 |  461.6 |
               +--------+--------+--------+--------+--------+-----+--------+

Top non-repeatable levels by time:
     D:1: 1394 daAuts
     D:2: 530 daAuts
     D:3: 214 daAuts
     D:4: 164 daAuts
     D:5: 3 daAuts
